 Dungeon Crawl Stone Soup version 0.31.0-9-g3a7656b989 (webtiles) character file.

Game seed: 17942577766036378995

23599 qw the Spry (level 12, -5/61 HPs)
             Began as a Spriggan Hunter on Feb 2, 2024.
             Was a High Priest of Okawaru.
             Slain by a tyrant leech (18 damage)
             ... on level 3 of the Lair of Beasts.
             The game lasted 00:01:29 (10716 turns).

qw the Spry (Spriggan Hunter)                      Turns: 10716, Time: 00:01:30

Health: -5/61      AC: 11    Str:  3    XL:     12   Next: 73%
Magic:  20/20      EV: 33    Int: 12    God:    Okawaru [*****.]
Gold:   753        SH:  0    Dex: 31    Spells: 11/11 levels left

rFire   . . .        c - +4 orcbow
rCold   . . .        (shield currently unavailable)
rNeg    . . .        t - +0 troll leather armour
rPois   +            (helmet restricted)
rElec   +            b - +3 cloak of an ice cave {Rampage rElec Str-4 Dex+9}
rCorr   .            (gloves unavailable)
SInv    +            (boots unavailable)
Will    ++...        f - amulet of regeneration
Stlth   +++          k - ring of poison resistance
HPRegen 1.90/turn    o - +4 ring of protection
MPRegen 0.17/turn

%: rampage
@: about to teleport, very quick
A: very small, no large weapons, unfitting armour, see invisible, speed 3
a: Renounce Religion, Heroism, Finesse, Duel


You were on level 3 of the Lair of Beasts.
You worshipped Okawaru.
Okawaru was extremely pleased with you.
You visited 2 branches of the dungeon, and saw 13 of its levels.
You also visited: Sewer and Ossuary.

You collected 1245 gold pieces.
You spent 492 gold pieces at shops.


Innate Abilities, Weirdness & Mutations

You are very small and have problems with some larger weapons.
You are too small for most types of armour.
You have supernaturally acute eyesight. (SInv)
You cover ground extremely quickly. (Speed+++)


   Skills:
 - Level 6.1 Fighting
 + Level 14.2 Ranged Weapons
 - Level 1.0 Armour
 - Level 15.0 Dodging
 - Level 1.5 Stealth
 - Level 10.0 Invocations


You had 11 spell levels left.
You didn't know any spells.
Your spell library was empty.

Inventory:

Hand Weapons
 c - a +4 orcbow (weapon)
Armour
 b - the +3 cloak of an ice cave (worn) {Rampage rElec Str-4 Dex+9}
   (You acquired it on level 8 of the Dungeon)

   Str-4:     It affects your strength (-4).
   Dex+9:     It affects your dexterity (+9).
   rElec:     It insulates you from electricity.
   Rampage:   It bestows one free step when moving towards enemies.
 p - a +1 robe of fire resistance
 t - a +0 troll leather armour (worn)
Jewellery
 f - an amulet of regeneration (around neck)
 k - a ring of poison resistance (left hand)
 o - a +4 ring of protection (right hand)
 r - a ring of fire
 s - a ring of protection from fire
 Y - a ring of protection from cold
Wands
 l - a wand of mindburst (10)
 m - a wand of paralysis (2)
 u - a wand of acid (4)
 v - a wand of digging (7)
Scrolls
 a - 4 scrolls of identify
 q - 2 scrolls of teleportation
Potions
 d - 4 potions of mutation
 e - a potion of cancellation
 g - a potion of haste
 h - 5 potions of curing
 i - 4 potions of heal wounds
 j - a potion of enlightenment
 n - 3 potions of might

Dungeon Overview and Level Annotations

Branches:
Dungeon (10/15)            Temple (0/1) D:6            Lair (3/5) D:10
  Swamp (0/4) Lair:3       Spider (0/4) Lair:2        Sewer (visited)
Ossuary (visited)
    Orc: D:9-12

Altars:
Gozag
Kikubaaqudgha
Nemelex Xobeh
Okawaru
Qazlal

Shops:
D:7 *   D:10 *

Annotations:
D:4 2 transporters, qw's ghost, amateur DEHu
D:6 exclusion: electric eel


Message History

You kill the swamp worm!
Okawaru accepts your kill.
You shoot an arrow. The arrow misses the tyrant leech.
The tyrant leech closely misses you.
You shoot an arrow. The arrow misses the tyrant leech.
The tyrant leech misses you.
You shoot an arrow. The arrow hits the tyrant leech!
The tyrant leech is moderately wounded.
You shoot an arrow. The arrow hits the tyrant leech!
The tyrant leech is heavily wounded.
The tyrant leech bites you!!
The tyrant leech draws strength from your injuries!
You shoot an arrow.
The arrow hits the tyrant leech but does no damage.
The tyrant leech is heavily wounded.
The tyrant leech misses you.
You shoot an arrow.
The arrow closely misses the tyrant leech.
The tyrant leech closely misses you.
You shoot an arrow. The arrow hits the tyrant leech!
The tyrant leech is heavily wounded.
You shoot an arrow.
The arrow completely misses the tyrant leech.
The tyrant leech closely misses you.
You shoot an arrow. The arrow hits the tyrant leech!
The tyrant leech is severely wounded.
The tyrant leech barely misses you.
You shoot an arrow. The arrow hits the tyrant leech!
The tyrant leech is almost dead.
The tyrant leech completely misses you.
You shoot an arrow. The arrow misses the tyrant leech.
You shoot an arrow.
The arrow closely misses the tyrant leech.
The tyrant leech bites you!!
The tyrant leech draws strength from your injuries!
10716 ||| READING 3 scrolls of teleportation.
As you read the scroll of teleportation, it crumbles to dust.
You feel strangely unstable. The tyrant leech bites you!!
You die...

### ###...# #....##.........#
#....## ##...###...#..... #
##....# ##..###....##P..P
######...### #...# ##..###....
...........#### #...####..####...
.........##..P####...##P...# #..P
###.................####P.## #..#
###P#.............###...## #..#
#######..#.#.#.w@#...###...###..#
..##P#...### #.%#...## #.........
.........# 77.77..# #.........
.........###7 ~~ 77.# #..P##...#
............77¤¤ 7.## #...#.#...
............77¤¤ 7..# #..###...#
............7¤¤¤ 7.####...###..#
............77¤7 77.# #P........#
.............77777..# ##........#


You could see a tyrant leech.

Vanquished Creatures
  2 hydras (Lair:2)
  A centaur warrior (D:10)
  4 two-headed ogres (D:10)
  Sonja (Lair:3)
  Lodul (D:10)
  4 elephants (Lair:3)
  2 black mambas (Lair:3)
  9 cane toads
  7 komodo dragons
  A rime drake (Lair:2)
  A kobold demonologist (D:10)
  A freezing wraith (D:8)
  An ice devil (D:8)
  A troll (D:10)
  A hornet (D:9)
  2 wraiths (D:9)
  9 yaks
  3 wyverns
  A basilisk (Lair:1)
  A steam dragon (D:7)
  Menkaure (D:7)
  2 swamp worms (Lair:3)
  Duvessa (D:5)
  8 water moccasins
  5 orc warriors
  Pargi (Sewer)
  A sky beast (D:6)
  An ice beast (D:7)
  5 centaurs
  7 ogres
  4 black bears
  8 wolves
  2 phantoms (D:4)
  4 kobold brigands
  12 bullfrogs
  A brain worm (Sewer)
  11 scorpions
  6 wights
  Dowan (D:5)
  9 killer bees
  3 electric eels (D:6)
  10 howler monkeys
  5 hounds
  4 orc priests
  2 jellies
  A sleepcap (D:6)
  Jessica (D:2)
  2 iguanas
  12 orc wizards
  8 mummies (Ossuary)
  Robin (D:3)
  11 gnolls
  9 adders
  A shadow imp (D:5)
  9 white imps
  2 ufetubi (D:6)
  2 dart slugs (D:2)
  2 ribbon worms
  36 orcs
  4 endoplasms
  2 giant cockroaches (D:2)
  44 goblins
  35 hobgoblins
  2 jackals (D:4)
  7 quokkas
  8 ball pythons
  5 bats
  3 frilled lizards
  A hobgoblin zombie (Ossuary)
  26 kobolds
  4 kobold zombies (Ossuary)
  3 orc zombies (Ossuary)
  13 rats
421 creatures vanquished.

Vanquished Creatures (others)
  An orc wizard (D:8)
1 creature vanquished.

Grand Total: 422 creatures vanquished

Notes
Turn   | Place    | Note
-------+----------+-------------------------------------------
     0 | D:1      | qw the Spriggan Hunter began the quest for the Orb.
     0 | D:1      | Reached XP level 1. HP: 10/10 MP: 2/2
     0 | D:1      | 0 ||| qw: Version: 0.3-a-155-g5e7d8dd
     0 | D:1      | 0 ||| qw: Game counter: 2622
     0 | D:1      | 0 ||| qw: Melee chars always use a shield: true
     0 | D:1      | 0 ||| qw: God list: Okawaru
     0 | D:1      | 0 ||| qw: Allow faded altars: false
     0 | D:1      | 0 ||| qw: Do Orc after clearing Dungeon:15 true
     0 | D:1      | 0 ||| qw: Do second Lair branch before Depths: true
     0 | D:1      | 0 ||| qw: Lair rune preference: random
     0 | D:1      | 0 ||| qw: Goals: Normal
     0 | D:1      | 0 ||| PLANNING D:1-11
    45 | D:1      | Reached skill level 3 in Dodging
    91 | D:1      | Reached XP level 2. HP: 14/14 MP: 3/3
   236 | D:1      | Reached skill level 4 in Dodging
   795 | D:1      | Reached XP level 3. HP: 18/18 MP: 4/4
   823 | D:1      | 823 ||| UPGRADING to amulet of regeneration.
   828 | D:1      | 828 ||| DROPPING ring of wizardry.
   829 | D:1      | 829 ||| UPGRADING to ring of protection from fire.
   830 | D:1      | 830 ||| READING scroll labelled BIOVAT BUPNYA.
   830 | D:1      | 830 ||| ENCHANTING +0 shortbow.
   831 | D:1      | 831 ||| READING scroll labelled YSHOTT BOKHLIYFYN.
   932 | D:1      | 932 ||| READING scroll labelled ZOEQAKHLEIDD.
   937 | D:1      | 937 ||| READING 2 scrolls labelled UMPAJ TIXOXYQ.
   937 | D:1      | 937 ||| IDENTIFYING golden potion
   938 | D:1      | 938 ||| DROPPING scroll of butterflies.
   939 | D:1      | 939 ||| DROPPING potion of lignification.
   972 | D:2      | 972 ||| FLEEEEING.
   986 | D:2      | Noticed Jessica
   993 | D:2      | Killed Jessica
  1039 | D:2      | Reached XP level 4. HP: 22/22 MP: 5/5
  1090 | D:2      | Found an iron altar of Okawaru.
  1092 | D:2      | 1092 ||| PLANNING OKAWARU WORSHIP
  1092 | D:2      | 1092 ||| READING scroll of identify.
  1092 | D:2      | 1092 ||| IDENTIFYING scroll labelled TEKIUVV TERYG
  1093 | D:2      | 1093 ||| READING scroll labelled HOLIAT CE MEUS.
  1094 | D:2      | 1094 ||| DROPPING scroll of torment.
  1103 | D:2      | Became a worshipper of Warmaster Okawaru
  1104 | D:2      | 1104 ||| PLANNING D:1-11
  1415 | D:2      | Reached skill level 5 in Dodging
  1587 | D:2      | 1587 ||| READING scroll of identify.
  1587 | D:2      | 1587 ||| IDENTIFYING smoky brown potion
  1588 | D:2      | 1588 ||| READING scroll labelled PAGROS ZOELOW.
  1589 | D:2      | 1589 ||| READING scroll labelled KATSIOCYS.
  1591 | D:2      | 1591 ||| Stepping ~*~*~tactically~*~*~ (cloud).
  1591 | D:2      | HP: 5/22 [poisoned by you (poison gas)]
  1594 | D:2      | HP: 2/22 [poisoned by you (poison gas)]
  1599 | D:2      | HP: 2/22 [poisoned by you (poison gas)]
  1688 | D:3      | Noticed Robin
  1708 | D:3      | Killed Robin
  1723 | D:3      | Reached XP level 5. HP: 17/26 MP: 6/6
  2097 | D:3      | 2097 ||| READING scroll labelled SUOSCH TUPLA.
  2097 | D:3      | 2097 ||| ENCHANTING +0 shortbow.
  2098 | D:3      | 2098 ||| READING scroll labelled CIUHOUSESYO.
  2099 | D:3      | 2099 ||| DRINKING 4 pink potions.
  2133 | D:4      | Noticed a black bear
  2138 | D:4      | Killed a black bear
  2139 | D:4      | Reached skill level 6 in Ranged Weapons
  2139 | D:4      | Reached XP level 6. HP: 30/30 MP: 7/7
  2221 | D:4      | Noticed a water moccasin
  2227 | D:4      | Killed a water moccasin
  2227 | D:4      | Reached * piety under Okawaru
  2227 | D:4      | HP: 6/30 [poisoned by a water moccasin]
  2228 | D:4      | Reached skill level 6 in Dodging
  2228 | D:4      | 2228 ||| DRINKING 3 potions of curing.
  2228 | D:4      | 2228 ||| (to cure poison)
  2268 | D:4      | Found a transporter.
  2293 | D:4      | Reached skill level 1 in Invocations
  2345 | D:4      | Found a transporter.
  2346 | D:4      | Noticed qw's ghost (amateur DEHu)
  2431 | D:4      | HP: 7/30 [gnoll/+0 club (6)]
  2432 | D:4      | 2432 ||| READING 3 scrolls of teleportation.
  2472 | D:4      | Reached XP level 7. HP: 31/35 MP: 9/9
  2686 | D:4      | Found an opulent altar of Gozag.
  2689 | D:4      | Found a sparkling altar of Nemelex Xobeh.
  2689 | D:4      | Found a stormy altar of Qazlal.
  2720 | D:4      | 2720 ||| ZAPPING wand of mindburst (12) at 0,-1 (black
                  | bear; open_door).
  2721 | D:4      | 2721 ||| ZAPPING wand of mindburst (11) at 0,-1 (black
                  | bear; open_door).
  2775 | D:4      | Reached ** piety under Okawaru
  2776 | D:4      | Reached skill level 3 in Invocations
  2883 | D:4      | 2883 ||| READING 2 scrolls of identify.
  2883 | D:4      | 2883 ||| IDENTIFYING yellow potion
  2884 | D:4      | 2884 ||| READING scroll of identify.
  2884 | D:4      | 2884 ||| IDENTIFYING murky black potion
  2885 | D:4      | 2885 ||| READING scroll labelled EGGAM BOICA.
  2888 | D:5      | Entered Level 5 of the Dungeon
  2889 | D:5      | 2889 ||| PLANNING SEWER
  2889 | D:5      | 2889 ||| INVOKING Heroism.
  2891 | D:5      | 2891 ||| STAIRDANCE
  2908 | D:5      | 2908 ||| STAIRDANCE
  2921 | D:4      | Reached skill level 7 in Dodging
  2949 | D:5      | 2949 ||| STAIRDANCE
  2990 | D:5      | Reached XP level 8. HP: 36/39 MP: 12/12
  3023 | D:5      | HP: 5/39 [centaur/arrow (11)]
  3024 | D:5      | 3024 ||| READING 2 scrolls of teleportation.
  3149 | D:5      | Noticed Dowan
  3152 | D:5      | Noticed Duvessa
  3155 | D:5      | Killed Dowan
  3156 | D:5      | 3156 ||| RETREEEEATING.
  3157 | D:5      | 3157 ||| RETREEEEATING.
  3158 | D:5      | 3158 ||| INVOKING Heroism.
  3159 | D:5      | 3159 ||| DRINKING potion of haste.
  3178 | D:5      | Killed Duvessa
  3179 | D:5      | Reached skill level 3 in Fighting
  3335 | D:5      | Found a glowing drain.
  3336 | D:5      | 3336 ||| UPGRADING to +2 robe of positive energy.
  3346 | D:5      | 3346 ||| DROPPING +0 robe.
  3347 | D:5      | 3347 ||| UPGRADING to +4 ring of protection.
  3348 | D:5      | 3348 ||| READING scroll of identify.
  3348 | D:5      | 3348 ||| IDENTIFYING white potion
  3349 | D:5      | 3349 ||| DRINKING 2 emerald potions.
  3358 | Sewer    | Entered a sewer
  3367 | Sewer    | Reached skill level 8 in Dodging
  3464 | Sewer    | Noticed Pargi
  3471 | Sewer    | Killed Pargi
  3471 | Sewer    | Reached *** piety under Okawaru
  3494 | Sewer    | 3494 ||| READING 2 scrolls labelled WUITHIECEO.
  3495 | Sewer    | 3495 ||| DROPPING scroll of revelation.
  3513 | D:5      | 3513 ||| PLANNING D:1-11
  3579 | D:5      | Reached skill level 9 in Ranged Weapons
  3610 | D:5      | 3610 ||| SWAPPING to +0 orcbow.
  3613 | D:5      | 3613 ||| DROPPING +1 shortbow.
  3708 | D:6      | 3708 ||| PLANNING OSSUARY
  3723 | D:6      | Found an ancient bone altar of Kikubaaqudgha.
  3855 | D:6      | 3855 ||| READING 2 scrolls of identify.
  3855 | D:6      | 3855 ||| IDENTIFYING cyan potion
  3856 | D:6      | 3856 ||| READING scroll of identify.
  3856 | D:6      | 3856 ||| IDENTIFYING orange potion
  3857 | D:6      | 3857 ||| DROPPING potion of attraction.
  3934 | D:6      | Found a sand-covered staircase.
  3943 | Ossuary  | Entered an ossuary
  3969 | Ossuary  | Reached XP level 9. HP: 44/44 MP: 13/13
  3995 | Ossuary  | Reached skill level 9 in Dodging
  4111 | Ossuary  | 4111 ||| READING scroll of identify.
  4111 | Ossuary  | 4111 ||| IDENTIFYING bubbling grey potion
  4112 | Ossuary  | 4112 ||| READING scroll labelled DITOALE HAFI.
  4113 | Ossuary  | 4113 ||| DROPPING potion of ambrosia.
  4133 | D:6      | 4133 ||| PLANNING D:1-11
  4380 | D:6      | Found a staircase to the Ecumenical Temple.
  4541 | D:6      | Reached **** piety under Okawaru
  4918 | D:6      | 4918 ||| READING scroll of identify.
  4918 | D:6      | 4918 ||| IDENTIFYING murky coppery potion
  4919 | D:6      | 4919 ||| DRINKING 2 blue potions.
  4920 | D:6      | 4920 ||| FLEEEEING.
  4921 | D:6      | 4921 ||| FLEEEEING.
  4922 | D:6      | 4922 ||| FLEEEEING.
  4923 | D:6      | 4923 ||| FLEEEEING.
  5024 | D:6      | 5024 ||| DROPPING potion of berserk rage.
  5025 | D:6      | 5025 ||| DROPPING potion of brilliance.
  5180 | D:7      | Noticed Menkaure
  5185 | D:7      | Killed Menkaure
  5190 | D:7      | 5190 ||| RETREEEEATING.
  5191 | D:7      | 5191 ||| RETREEEEATING.
  5192 | D:7      | 5192 ||| RETREEEEATING.
  5193 | D:7      | 5193 ||| RETREEEEATING.
  5194 | D:7      | 5194 ||| RETREEEEATING.
  5195 | D:7      | 5195 ||| RETREEEEATING.
  5200 | D:7      | 5200 ||| INVOKING Finesse.
  5201 | D:7      | 5201 ||| INVOKING Heroism.
  5204 | D:7      | Reached skill level 10 in Dodging
  5482 | D:7      | Found Cexusa's Fire Supplies.
  5488 | D:7      | 5488 ||| BUYING +0 cloak of fire resistance (115 gold).
  5488 | D:7      | Bought a +0 cloak of fire resistance for 115 gold pieces
  5488 | D:7      | 5488 ||| BUYING +1 robe of fire resistance (127 gold).
  5488 | D:7      | Bought a +1 robe of fire resistance for 127 gold pieces
  5488 | D:7      | 5488 ||| BUYING ring of fire (250 gold).
  5488 | D:7      | Bought a ring of fire for 250 gold pieces
  5731 | D:7      | 5731 ||| UPGRADING to +0 cloak of fire resistance.
  5736 | D:7      | 5736 ||| READING scroll of enchant armour.
  5736 | D:7      | 5736 ||| ENCHANTING +0 cloak of fire resistance.
  5737 | D:7      | 5737 ||| UPGRADING to ring of protection from cold.
  5786 | D:8      | Reached skill level 11 in Dodging
  5946 | D:8      | Reached XP level 10. HP: 49/49 MP: 15/15
  5955 | D:8      | 5955 ||| INVOKING Finesse.
  5973 | D:8      | 5973 ||| INVOKING Heroism.
  5983 | D:8      | HP: 10/49 [ice devil (5)]
  5984 | D:8      | 5984 ||| READING 2 scrolls of teleportation.
  5985 | D:8      | 5985 ||| DRINKING 2 potions of heal wounds.
  6182 | D:8      | Reached skill level 6 in Invocations
  6183 | D:8      | 6183 ||| FLEEEEING.
  6184 | D:8      | 6184 ||| FLEEEEING.
  6185 | D:8      | 6185 ||| FLEEEEING.
  6186 | D:8      | 6186 ||| FLEEEEING.
  6187 | D:8      | 6187 ||| FLEEEEING.
  6188 | D:8      | 6188 ||| FLEEEEING.
  6189 | D:8      | 6189 ||| FLEEEEING.
  6190 | D:8      | 6190 ||| FLEEEEING.
  6191 | D:8      | 6191 ||| FLEEEEING.
  6192 | D:8      | 6192 ||| FLEEEEING.
  6193 | D:8      | 6193 ||| FLEEEEING.
  6194 | D:8      | 6194 ||| FLEEEEING.
  6396 | D:8      | HP: 12/49 [ice devil (8)]
  6397 | D:8      | 6397 ||| READING scroll of teleportation.
  6634 | D:8      | 6634 ||| READING 3 scrolls of enchant weapon.
  6634 | D:8      | 6634 ||| ENCHANTING +0 orcbow.
  6635 | D:8      | 6635 ||| READING 2 scrolls of enchant weapon.
  6635 | D:8      | 6635 ||| ENCHANTING +1 orcbow.
  6636 | D:8      | 6636 ||| READING scroll of enchant weapon.
  6636 | D:8      | 6636 ||| ENCHANTING +2 orcbow.
  6637 | D:8      | Found the +8 frozen axe "Frostbite" {freeze, freezing
                  | cloud, *Noise Fly rC+}
  6744 | D:8      | 6744 ||| UPGRADING to ring of poison resistance.
  6746 | D:8      | 6746 ||| READING 3 scrolls of identify.
  6746 | D:8      | 6746 ||| IDENTIFYING scroll labelled YKKYGO ZEEBROCO
  6746 | D:8      | Identified a scroll of acquirement
  6747 | D:8      | 6747 ||| READING scroll of acquirement.
  6747 | D:8      | 6747 ||| ACQUIRING +3 cloak of an ice cave {Rampage rElec
                  | Str-4 Dex+9}
  6747 | D:8      | Acquired the +3 cloak of an ice cave {Rampage rElec Str-4
                  | Dex+9}
  6749 | D:8      | 6749 ||| UPGRADING to +3 cloak of an ice cave {Rampage
                  | rElec Str-4 Dex+9}.
  6759 | D:8      | 6759 ||| DROPPING +1 cloak of fire resistance.
  6760 | D:8      | 6760 ||| UPGRADING to +1 robe of fire resistance.
  7174 | D:9      | Reached ***** piety under Okawaru
  7175 | D:9      | Reached skill level 12 in Dodging
  7334 | D:10     | Entered Level 10 of the Dungeon
  7334 | D:10     | Found Coneohac's Neck Hole.
  7384 | D:10     | 7384 ||| READING scroll of enchant weapon.
  7384 | D:10     | 7384 ||| ENCHANTING +3 orcbow.
  7400 | D:10     | Noticed Lodul
  7401 | D:10     | 7401 ||| INVOKING Finesse.
  7410 | D:10     | 7410 ||| INVOKING Heroism.
  7414 | D:10     | Killed Lodul
  7514 | D:10     | Found a flagged portal.
  7652 | D:10     | Noticed a centaur warrior
  7653 | D:10     | 7653 ||| INVOKING Finesse.
  7657 | D:10     | 7657 ||| FLEEEEING.
  7668 | D:10     | Killed a centaur warrior
  7669 | D:10     | Reached skill level 13 in Dodging
  7669 | D:10     | Reached XP level 11. HP: 19/53 MP: 13/18
  7862 | D:10     | Noticed a two-headed ogre
  7863 | D:10     | 7863 ||| INVOKING Finesse.
  7868 | D:10     | Killed a two-headed ogre
  7869 | D:10     | Reached skill level 9 in Invocations
  7875 | D:10     | Received a gift from Okawaru
  7913 | D:10     | Noticed a two-headed ogre
  7919 | D:10     | Killed a two-headed ogre
  8000 | D:10     | Found a staircase to the Lair.
  8032 | D:10     | Noticed a two-headed ogre
  8034 | D:10     | 8034 ||| INVOKING Finesse.
  8042 | D:10     | Killed a two-headed ogre
  8043 | D:10     | Reached skill level 14 in Dodging
  8095 | D:10     | Noticed a two-headed ogre
  8096 | D:10     | 8096 ||| INVOKING Finesse.
  8106 | D:10     | Killed a two-headed ogre
  8356 | D:10     | 8356 ||| PLANNING LAIR
  8356 | D:10     | 8356 ||| DROPPING +2 robe of positive energy.
  8357 | D:10     | 8357 ||| UPGRADING to +0 troll leather armour.
  8367 | D:10     | 8367 ||| READING 4 scrolls of identify.
  8367 | D:10     | 8367 ||| IDENTIFYING murky yellow potion
  8368 | D:10     | 8368 ||| DROPPING potion of degeneration.
  8468 | Lair:1   | Entered Level 1 of the Lair of Beasts
  8538 | Lair:1   | Reached skill level 1 in Armour
  8604 | Lair:1   | 8604 ||| RETREEEEATING.
  8607 | Lair:1   | 8607 ||| RETREEEEATING.
  8612 | Lair:1   | 8612 ||| RETREEEEATING.
  8613 | Lair:1   | 8613 ||| RETREEEEATING.
  8639 | Lair:1   | Received a gift from Okawaru
  8711 | Lair:1   | 8711 ||| RETREEEEATING.
  8713 | Lair:1   | 8713 ||| RETREEEEATING.
  8721 | Lair:1   | Reached skill level 12 in Ranged Weapons
  9044 | Lair:1   | Reached XP level 12. HP: 60/60 MP: 20/20
  9299 | Lair:2   | Received a gift from Okawaru
  9310 | Lair:2   | Found a hole to the Spider Nest.
  9365 | Lair:2   | Noticed a seven-headed hydra
  9366 | Lair:2   | 9366 ||| INVOKING Finesse.
  9370 | Lair:2   | Killed a seven-headed hydra
  9528 | Lair:2   | Noticed a six-headed hydra
  9529 | Lair:2   | 9529 ||| INVOKING Finesse.
  9536 | Lair:2   | Killed a six-headed hydra
 10106 | Lair:3   | 10106 ||| RETREEEEATING.
 10108 | Lair:3   | 10108 ||| RETREEEEATING.
 10109 | Lair:3   | 10109 ||| RETREEEEATING.
 10115 | Lair:3   | 10115 ||| RETREEEEATING.
 10116 | Lair:3   | 10116 ||| RETREEEEATING.
 10135 | Lair:3   | Reached skill level 6 in Fighting
 10183 | Lair:3   | Noticed Sonja
 10198 | Lair:3   | Killed Sonja
 10309 | Lair:3   | Reached skill level 15 in Dodging
 10692 | Lair:3   | Found a staircase to the Swamp.
 10715 | Lair:3   | HP: 12/61 [tyrant leech (25)]
 10716 | Lair:3   | 10716 ||| READING 3 scrolls of teleportation.
 10716 | Lair:3   | Slain by a tyrant leech

Levels and vault maps discovered:
D:1:      dpeg_arrival_ratfight, layout_basic
D:2:      layout_rooms, serial_rivers, chequers_serial_rivers_marsh,
          chequers_serial_rivers_small_a, chequers_serial_rivers_room_a,
          chequers_serial_rivers_large_b, chequers_serial_rivers_large_a,
          chequers_serial_rivers_micro_a, basic_altar, minmay_tripent,
          uniq_jessica
D:3:      layout_basic, uniq_robin
D:4:      layout_loops_cross, chequers_temple_overflow_statue_of_worship,
          gammafunk_ghost_stat_death, kennysheep_generic_room_9
D:5:      layout_basic, portal_sewer_entry_d, minivault_4,
          kennysheep_cross_bottleneck, uniq_duvessa
D:6:      minmay_goblin_kobold_castle, layout_basic, overflow_temple_1_default,
          temple_hall, chequers_ossuary_entry_cave, wad_rectangle_vault
D:7:      layout_rooms, nicolae_shop_fire_sale [nicolae_sub_dead_trees],
          uniq_menkaure
D:8:      layout_gridville, hellmonk_guarded_unrand_frostbite
D:9:      layout_roguey
D:10:     layout_basic, grunt_lair_entry_orc_guard_hut, enter_bailey_8,
          nicolae_shop_sticking_my_neck_out, uniq_lodul
Lair:1:   layout_gridlike
Lair:2:   layout_regular_city, dummy_spider_entry, grunt_megastairs_2,
          infiniplex_staircase_pool_2
Lair:3:   layout_small_grid, minmay_swamp_entry_worms,
          nicolae_quartered_pool_super, uniq_sonja

Skill      XL: |  1  2  3  4  5  6  7  8  9 10 11 12 |
---------------+-------------------------------------+-----
Dodging        | 3 4 5 6 7 8 11 13 14 15 | 15.0
Ranged Weapons | 5 6 7 9 10 12 14 | 14.2
Fighting       | 2 3 4 5 6 |  6.1
Invocations    | 1 4 5 8 10 | 10.0
Armour         | 1 |  1.0
Stealth        | |  1.5

Action                     |  1- 3 |  4- 6 |  7- 9 | 10-12 || total
---------------------------+-------+-------+-------+-------++-------
   Fire: Shortbow          |    87 |   170 |   243 |       ||   500
         Orcbow            |       |       |   440 |   767 ||  1207
 Invoke: Heroism           |       |       |     3 |     2 ||     5
         Finesse           |       |       |     1 |     8 ||     9
  Evoke: Wand              |       |       |     2 |       ||     2
    Use: Scroll            |     4 |     8 |    12 |    10 ||    34
         Potion            |       |     2 |     3 |     1 ||     6
 Armour: Robe              |     1 |    36 |   157 |    47 ||   241
         Troll leather arm |       |       |       |    29 ||    29
  Dodge: Dodged            |    12 |   127 |   520 |   428 ||  1087

Table legend:
 A = Non-vault XP
 B = Vault XP
 C = Vault XP percentage of total XP
 D = Non-vault monster count
 E = Vault monster count
 F = Vault count percentage of total count
                 A         B        C        D         E       F
            +---------+---------+-------+---------+---------+-------
      Total |   26522 |    7192 |  21.3 |     274 |     148 |  35.1
            +---------+---------+-------+---------+---------+-------
        D:1 |      36 |       5 |  12.2 |      25 |       5 |  16.7
        D:2 |      76 |      40 |  34.5 |      21 |       3 |  12.5
        D:3 |      27 |      38 |  58.5 |      13 |      13 |  50.0
        D:4 |    1028 |     131 |  11.3 |      29 |       1 |   3.3
        D:5 |     636 |     236 |  27.1 |      15 |       3 |  16.7
        D:6 |     672 |     420 |  38.5 |      20 |      67 |  77.0
        D:7 |    1148 |     169 |  12.8 |      14 |       1 |   6.7
        D:8 |    1267 |     721 |  36.3 |      27 |       7 |  20.6
        D:9 |    2101 |       0 |   0.0 |      34 |       0 |   0.0
       D:10 |    5426 |    2683 |  33.1 |      23 |      14 |  37.8
     Lair:1 |    4631 |       0 |   0.0 |      22 |       0 |   0.0
     Lair:2 |    5756 |    1215 |  17.4 |      20 |       4 |  16.7
     Lair:3 |    3718 |    1084 |  22.6 |      11 |       3 |  21.4
      Sewer |       0 |     295 | 100.0 |       0 |      11 | 100.0
    Ossuary |       0 |     155 | 100.0 |       0 |      16 | 100.0
            +---------+---------+-------+---------+---------+-------
